 Dungeon Crawl Stone Soup version 0.28-a0-1348-g050f3537b9 (webtiles) character file.

Game seed: 11822297427744833500

20124 Lekart the Cleaver (level 12, -3/102 (106) HPs)
             Began as a White Draconian Chaos Knight on Dec 28, 2021.
             Was a Plaything of Xom.
             Slain by an orc warlord (12 damage)
             ... on level 1 of the Orcish Mines on Dec 30, 2021.
             The game lasted 01:00:05 (19719 turns).

Lekart the Cleaver (White Draconian Chaos Knight)  Turns: 19719, Time: 01:00:05

HP:   -3/102 (106)  AC: 25    Str: 17    XL:     12   Next: 42%
MP:   0/19          EV: 17    Int: 11    God:    Xom [....*.]
Gold: 917           SH:  0    Dex: 16    Spells: 13/18 levels left

rFire   + + .      SeeInvis .   z - +6 hand axe (elec)
rCold   + + .      Faith    .   (no shield)
rNeg    + + +      Spirit   +   (armour unavailable)
rPois   ∞          Reflect  .   (helmet restricted)
rElec   +          Harm     .   D - +2 cloak
rCorr   .          Rampage  .   n - +0 pair of gloves of the Realm of Zot {Str+6}
Will    ++...                   E - +2 pair of boots
Stlth   ++++......              a - amulet of Suspected Treachery {Spirit rF+ rN++ Will+ Dex-4}
HPRegen 0.00/turn               h - +6 ring of dexterity
MPRegen 0.16/turn               k - ring "Xaomaoli" {rElec rF+ AC+4 Str-3}

@: lich-form, inhibited regen, studying 2 skills, lightly drained
A: draining attack, torment immunity, no potions, (breathe frost), AC +8,
unfitting armour, cold resistance 1, cold-blooded, horns 2, stinger 2, clumsy 1,
dopey 1, high mp 1, electricity resistance, inhibited regeneration, no potion
heal 1
a: Renounce Religion


You were on level 1 of the Orcish Mines.
You worshipped Xom.
You were a beloved toy of Xom.
You were an undead lich.
You visited 2 branches of the dungeon, and saw 15 of its levels.

You collected 2042 gold pieces.
You spent 1125 gold pieces at shops.

Inventory:

Hand Weapons
 d - a +1 war axe of flaming
 f - the +8 dagger of Departure {vorpal, +Blink Int+4 SInv}
   (You found it on level 12 of the Dungeon)

   It inflicts extra damage upon your enemies.
   Int:       It affects your intelligence (+4).
   SInv:      It lets you see invisible.
   +Blink:    It lets you blink.
 z - a +6 hand axe of electrocution (weapon)
 F - a +3 shortbow of chaos
Missiles
 v - 293 arrows
 x - 2 throwing nets (quivered)
Armour
 n - the +0 pair of gloves of the Realm of Zot (worn) {Str+6}
   (You acquired it on level 7 of the Dungeon)

   Str:       It affects your strength (+6).
 D - a +2 cloak (worn)
 E - a +2 pair of boots (worn)
Jewellery
 a - the amulet of Suspected Treachery (around neck) {Spirit rF+ rN++ Will+ Dex-4}
   (You bought it in a shop on level 7 of the Dungeon)

   [amulet of guardian spirit]

   It causes incoming damage to be divided between your reserves of health and
   magic.
   Dex:       It affects your dexterity (-4).
   rF:        It protects you from fire.
   rN:        It greatly protects you from negative energy.
   Will:      It increases your willpower.
 b - a ring of see invisible
 h - a +6 ring of dexterity (left hand)
 k - the ring "Xaomaoli" (right hand) {rElec rF+ AC+4 Str-3}
   (You bought it in a shop on level 7 of the Dungeon)

   [ring of protection]

   AC:        It affects your AC (+4).
   Str:       It affects your strength (-3).
   rF:        It protects you from fire.
   rElec:     It insulates you from electricity.
 o - a ring of positive energy
 u - an amulet of guardian spirit
 y - a ring of protection from cold
Wands
 i - a wand of iceblast (13)
 q - a wand of acid (1)
 w - a wand of digging (4)
 B - a wand of paralysis (2)
 C - a wand of mindburst (1)
Scrolls
 j - 4 scrolls of amnesia
 l - 4 scrolls of fear
 t - a scroll of blinking
 A - 4 scrolls of teleportation
Potions
 c - 3 potions of brilliance
 m - 2 potions of heal wounds
 p - a potion of magic
 s - 2 potions of attraction
 G - a potion of ambrosia
Miscellaneous
 I - a phial of floods (inert)


   Skills:
 + Level 9.9 Fighting
 + Level 1.7 Short Blades
 + Level 12.1 Axes
 + Level 6.2 Bows
 + Level 2.6 Crossbows
 + Level 0.2 Throwing
 + Level 9.4 Dodging
 + Level 7.1 Stealth
 * Level 3.8 Spellcasting
 * Level 3.5 Hexes
 * Level 3.6 Air Magic
 + Level 1.2 Evocations


You had 13 spell levels left.
You knew the following spells:

 Your Spells              Type           Power      Damage    Failure   Level
a - Silence               Hex/Air        5%         N/A       83%         5

Your spell library contained the following spells:

 Spells                   Type           Power      Damage    Failure   Level
 Poisonous Vapours        Pois/Air       12%        N/A       17%         2
 Magic Dart               Conj           8%         1d3       24%         1
 Pain                     Necr           12%        1d4       24%         1
 Sting                    Tmut/Pois      8%         1d3       24%         1
 Dazzling Flash           Conj/Hex       12%        N/A       34%         3
 Call Imp                 Summ           2%         N/A       36%         2
 Mephitic Cloud           Conj/Pois/Air  4%         N/A       41%         3
 Conjure Flame            Conj/Fire      2%         6-21      58%         3
 Gell's Gravitas          Tloc           2%         N/A       58%         3
 Ignite Poison            Fire/Tmut/Pois 2%         N/A       58%         3
 Teleport Other           Tloc           2%         N/A       58%         3
 Olgreb's Toxic Radiance  Pois           2%         N/A       94%         4
 Sticky Flame             Conj/Fire      2%         2d3       94%         4
 Agony                    Necr           3%         N/A       100%        5
 Excruciating Wounds      Necr           1%         N/A       100%        5
 Dispersal                Tloc           1%         N/A       100%        6


Dungeon Overview and Level Annotations

Branches:
Dungeon (13/15)            Temple (0/1) D:7             Orc (2/2) D:10
    Elf (0/3) Orc:2
   Lair: D:8-11      Vaults: D:13-14

Altars:
Uskayaw
Xom
Beogh

Shops:
D:7 =   Orc:2 (

Annotations:
D:8 exclusion: downstairs
D:12 exclusion: 2 downstairs
Orc:1 2 transporters, exclusion: 2 downstairs, technosentience's ghost, journeyman DjWz


Innate Abilities, Weirdness & Mutations

You are an undead lich.
Your unarmed attacks are suffused with negative energy.
You are immune to unholy pain and torment.
Your necromantic spells are more powerful.
You cannot drink.
You are immune to poison.
((You can breathe waves of freezing cold which knock back foes.))
Your icy white scales are hard. (AC +8)
You cannot fit into any form of body armour.
Your flesh is cold resistant. (rC+)
You are cold-blooded and may be slowed by cold attacks.
You have a pair of horns on your head.
Your tail ends in a sharp venomous barb.
You are clumsy. (Dex -2)
You are dopey. (Int -2)
You have an increased reservoir of magic. (+10% MP)
You are resistant to electric shocks. (rElec)
You do not regenerate when monsters are visible.
Potions are less effective at restoring your health.


Message History

The orc warlord is moderately wounded.
Okay, then. "Serve the toy, my child!"
Your white imp hits the orc warlord but does no damage.
Your white imp closely misses the orc warlord.
Aiming: Mindburst
Press: ? - help, Shift-Dir - straight line, f/p - orc warlord
Aim: an orc warlord, wielding a +4 great sword of draining and wearing a +2 plate armour of cold resistance (moderately wounded, covered in acid, waterlogged, ally target, chance to affect: 35%)
The orc warlord's mind is blasted!!
The orc warlord is no longer waterlogged.
Aiming: Mindburst
Press: ? - help, Shift-Dir - straight line, f/p - orc warlord
Aim: an orc warlord, wielding a +4 great sword of draining and wearing a +2 plate armour of cold resistance (heavily wounded, covered in acid, ally target, chance to affect: 35%)
The orc warlord easily resists.
The orc warlord hits you with a +4 great sword of draining!
* * * LOW HITPOINT WARNING * * *
Your white imp hits the orc warlord but does no damage.
Aiming: Mindburst
Press: ? - help, Shift-Dir - straight line, f/p - orc warlord
Aim: an orc warlord, wielding a +4 great sword of draining and wearing a +2 plate armour of cold resistance (heavily wounded, covered in acid, ally target, chance to affect: 35%)
The orc warlord easily resists.
The orc warlord barely misses you.
Your white imp hits the orc warlord.
Your white imp freezes the orc warlord.
The orc warlord resists.
Aiming: Mindburst
Press: ? - help, Shift-Dir - straight line, f/p - orc warlord
Aim: an orc warlord, wielding a +4 great sword of draining and wearing a +2 plate armour of cold resistance (heavily wounded, covered in acid, ally target, chance to affect: 35%)
The orc warlord easily resists.
The orc warlord hits you with a +4 great sword of draining!
* * * LOW HITPOINT WARNING * * *
Your white imp hits the orc warlord but does no damage.
The orc warlord hits your white imp with a +4 great sword of draining!!
Your white imp dies!
Your white imp disappears in a puff of smoke!
The orc warlord is no longer covered in acid.
Items here: ))) [. "Ka-boom!"
The fireball engulfs the orc warlord.
The orc warlord hits you with a +4 great sword of draining!!
You die...
Xom chuckles heartily!

#........#..##.
#.#......#..#8.
###......#..#.. ####
#.......#..#..
#..####........©#..
###..####........#..
#.....####.......#..
#.......####.....#8.
#####..L...####......##.
##......#o..##.#.......##
##.......##..)............
##........##........###....
##.......#.##........####...
#....)...#####........####..
###..<[....#.#..[[)....#....
#...[.[.)#....[>)....#....
##.##.........)##.........


You could see an orc warlord.

Vanquished Creatures
  Jorgrun (Orc:2)
  Harold (D:7)
  A boulder beetle (D:11)
  2 hydras (D:12)
  A two-headed ogre (D:10)
  The ghost of zeramoth the Nimble, a novice MfIE (D:6)
  An orc sorcerer (Orc:1)
  A cyclops (D:11)
  An ugly thing (D:11)
  Maurice (D:10)
  A gargoyle (D:12)
  An unseen horror (D:12)
  7 trolls
  A jumping spider (shapeshifter) (D:10)
  A shadow (D:12)
  2 vampires
  A wraith (D:11)
  8 yaks
  A basilisk (D:11)
  3 steam dragons (D:8)
  3 vampire mosquitoes
  6 wargs (Orc:1)
  21 orc warriors
  A sky beast (D:6)
  2 black bears
  A necrophage (D:6)
  6 ogres
  13 centaurs
  2 kobold brigands
  A bullfrog (D:8)
  3 scorpions
  2 wyvern skeletons
  6 killer bees
  7 wights
  2 bullfrog zombies
  3 centaur zombies
  14 orc priests
  7 hounds
  Crazy Yiuf (D:7)
  3 centaur skeletons
  A jelly (D:6)
  A bullfrog skeleton (D:6)
  2 iguanas (D:5)
  16 orc wizards
  4 killer bee zombies
  5 gnolls
  3 adders
  A howler monkey skeleton (D:7)
  2 shadow imps (D:6)
  2 ufetubi
  3 dart slugs
  64 orcs
  10 ball pythons
  9 endoplasms
  5 giant cockroaches
  7 goblins
  8 hobgoblins
  5 quokkas
  3 bats
  3 frilled lizards (D:1)
  A jackal skeleton (D:4)
  15 kobolds
  4 rats (D:1)
315 creatures vanquished.

Vanquished Creatures (collateral kills)
  An orc knight (Orc:1)
  An orc sorcerer (Orc:1)
  A gargoyle (D:11)
  A troll (Orc:1)
  2 orc warriors
  An ogre (Orc:2)
  A scorpion (D:6)
  A hound (D:4)
  A jelly (D:6)
  An iguana (D:4)
  3 gnolls
14 creatures vanquished.

Vanquished Creatures (others)
  3 wraiths (D:11)
  A fungus (D:7)
4 creatures vanquished.

Grand Total: 333 creatures vanquished

Notes
Turn   | Place    | Note
-------+----------+-------------------------------------------
     0 | D:1      | Lekart the Draconian Chaos Knight began the quest for the
                  | Orb.
     0 | D:1      | Reached XP level 1. HP: 19/19 MP: 1/1
    29 | D:1      | Found a faded altar of an unknown god.
    29 | D:1      | Noticed an eye of devastation
    38 | D:1      | Noticed an eye of devastation
    38 | D:1      | Noticed a golden eye
    38 | D:1      | Noticed a floating eye
   140 | D:1      | XOM: silly message
   146 | D:1      | XOM: smoke on damage
   163 | D:1      | XOM: butterfly on damage
   165 | D:1      | Reached XP level 2. HP: 15/26 MP: 2/2
   292 | D:1      | XOM: god gift: 23 gold pieces
   359 | D:1      | XOM: summons 2 hostile demons
   362 | D:1      | XOM: confuse monster(s)
   447 | D:2      | XOM: scenery: summon butterflies
   468 | D:2      | XOM: cloud trail
   669 | D:1      | XOM: god gift: glowing spear {god gift}
   694 | D:1      | XOM: scenery: create altars
   727 | D:1      | XOM: repel stairs
   805 | D:1      | Reached XP level 3. HP: 31/33 MP: 3/3
   819 | D:1      | XOM: silly message
  1154 | D:1      | Gained mutation: You are strong-willed. (Will+) [potion of
                  | mutation]
  1238 | D:2      | XOM: 5-stop teleportation journey
  1654 | D:2      | XOM: swap monsters
  1777 | D:2      | XOM: summons 1 hostile shadow creature
  1837 | D:2      | XOM: give mutations
  1837 | D:2      | Gained mutation: You sometimes lose the ability to read
                  | scrolls when taking damage. [Xom's mischief]
  1837 | D:2      | Gained mutation: You are clumsy. (Dex -2) [Xom's mischief]
  1837 | D:2      | Lost mutation: You are strong-willed. (Will+) [Xom's
                  | mischief]
  2051 | D:3      | XOM: smoke on damage
  2208 | D:3      | Reached skill level 4 in Axes
  2208 | D:3      | Reached XP level 4. HP: 40/40 MP: 4/4
  2446 | D:3      | XOM: cast spell 'Summon Hydra'
  2604 | D:3      | XOM: give mutations
  2604 | D:3      | Gained mutation: Your tail ends in a venomous barb. [Xom's
                  | grace]
  2604 | D:3      | Gained mutation: Your flesh is heat resistant. (rF+) [Xom's
                  | grace]
  2727 | D:3      | XOM: summons 3 hostile demons
  2847 | D:4      | XOM: summons friendly shadow imp
  2852 | D:4      | Reached XP level 5. HP: 39/46 MP: 5/5
  2912 | D:4      | Noticed an ogre
  3141 | D:4      | Reached skill level 1 in Stealth
  3164 | D:4      | Killed an ogre
  3165 | D:4      | Reached skill level 5 in Axes
  3165 | D:4      | Reached XP level 6. HP: 53/53 MP: 6/6
  3706 | D:4      | XOM: noise
  3939 | D:5      | Entered Level 5 of the Dungeon
  3951 | D:5      | XOM: smoke on damage
  4082 | D:5      | XOM: cast spell 'Summon Ice Beast'
  4084 | D:5      | Reached skill level 6 in Axes
  4084 | D:5      | Your scales start taking on an icy white colour.
  4084 | D:5      | Reached XP level 7. HP: 57/60 MP: 7/7
  4084 | D:5      | Gained mutation: Your flesh is cold resistant. (rC+) [White
                  | Draconian growth]
  4086 | D:5      | Reached skill level 5 in Fighting
  4192 | D:5      | XOM: divination: magic mapping
  4240 | D:5      | Found a hide-covered altar of Uskayaw.
  4934 | D:6      | Reached skill level 7 in Axes
  5034 | D:6      | Reached XP level 8. HP: 67/69 MP: 8/8
  5127 | D:6      | XOM: summons 8 friendly demons
  5233 | D:6      | Reached skill level 8 in Axes
  5244 | D:6      | Lost mutation: You sometimes lose the ability to read
                  | scrolls when taking damage. [potion of mutation]
  5244 | D:6      | Lost mutation: Your flesh is heat resistant. (rF+) [potion
                  | of mutation]
  5244 | D:6      | Gained mutation: Your muscles are strong. (Str +2) [potion
                  | of mutation]
  5244 | D:6      | Gained mutation: Your muscles are very strong. (Str +4)
                  | [potion of mutation]
  5343 | D:6      | XOM: cloud trail
  5381 | D:6      | XOM: give mutations
  5381 | D:6      | Gained mutation: Your tail ends in a sharp venomous barb.
                  | [Xom's grace]
  5381 | D:6      | Gained mutation: You have a pair of small horns on your
                  | head. [Xom's grace]
  5381 | D:6      | Gained mutation: You are resistant to electric shocks.
                  | (rElec) [Xom's grace]
  5381 | D:6      | Gained mutation: You passively map a small area around you.
                  | [Xom's grace]
  5510 | D:6      | XOM: enchant monster (good)
  5524 | D:6      | XOM: scenery: summon butterflies
  5572 | D:6      | Noticed a troll
  5577 | D:6      | XOM: summons friendly crimson imp
  5579 | D:6      | XOM: scenery: create altars
  5581 | D:6      | XOM: confuse monster(s)
  5585 | D:6      | Killed a troll
  5586 | D:6      | Reached skill level 5 in Dodging
  5685 | D:6      | Found a runed translucent gate.
  5685 | D:6      | Found a runed translucent gate.
  5686 | D:6      | Found a runed translucent gate.
  5687 | D:6      | Noticed zeramoth's ghost (novice MfIE)
  5854 | D:7      | XOM: god gift: 2 boomerangs
  5959 | D:7      | Noticed Harold
  5963 | D:7      | XOM: enchant monster (good)
  5967 | D:7      | Killed Harold
  5968 | D:7      | Reached skill level 9 in Axes
  5968 | D:7      | Reached XP level 9. HP: 69/78 MP: 9/9
  5981 | D:7      | XOM: cloud trail
  6441 | D:7      | XOM: confuse monster(s)
  6449 | D:7      | Reached skill level 10 in Axes
  6669 | D:7      | Found Jeyteth's Jewellery Boutique.
  6679 | D:7      | Reached skill level 5 in Stealth
  6690 | D:7      | XOM: god gift: scroll of teleportation
  6742 | D:6      | XOM: scenery: create altars
  6759 | D:6      | XOM: cloud trail
  6975 | D:7      | XOM: god gift: 25 stones
  7010 | D:7      | XOM: god gift: 40 gold pieces
  7021 | D:7      | XOM is BORED!
  7021 | D:7      | XOM: noise
  7031 | D:7      | Found a runed translucent door.
  7032 | D:7      | Noticed Crazy Yiuf
  7052 | D:7      | XOM: polymorph killer bee -> centaur
  7155 | D:7      | XOM: silly message
  7162 | D:7      | Found a staircase to the Ecumenical Temple.
  7265 | D:7      | Identified 3 scrolls of acquirement
  7266 | D:7      | Acquired a manual of Dodging
  7268 | D:7      | Acquired 794 gold pieces
  7270 | D:7      | Acquired the +0 pair of gloves of the Realm of Zot {Str+6}
  7755 | D:7      | Killed Crazy Yiuf
  7786 | D:7      | XOM: cloud trail
  7811 | D:7      | XOM: god gift: potion of degeneration
  7888 | D:7      | XOM: silly message
  7918 | D:8      | You fall into a shaft and drop 3 floors!
  7946 | D:11     | Noticed a brown ugly thing
  7950 | D:11     | XOM: potion effect (berserk rage)
  7956 | D:11     | Killed a brown ugly thing
  7957 | D:11     | Reached XP level 10. HP: 86/86 MP: 10/10
  8021 | D:11     | Noticed a gargoyle
  8036 | D:11     | Killed a gargoyle
  8228 | D:11     | Reached skill level 11 in Axes
  8300 | D:11     | Noticed Josephine
  8302 | D:11     | Noticed Josephine
  8302 | D:11     | Josephine changed into Josephine the cyclops
  8302 | D:11     | XOM: polymorph Josephine -> Josephine the cyclops
  8308 | D:11     | XOM: divine lightning
  8310 | D:11     | Killed Josephine the cyclops
  8549 | D:11     | XOM: chaos upgrade
  8732 | D:11     | XOM is BORED!
  8732 | D:11     | XOM: noise
  9161 | D:11     | XOM: summons 1 hostile demon
  9329 | D:10     | Entered Level 10 of the Dungeon
  9339 | D:10     | Noticed a two-headed ogre
  9347 | D:10     | Killed a two-headed ogre
  9393 | D:8      | Reached skill level 1 in Bows
  9746 | D:4      | XOM is BORED!
 10049 | D:3      | Acquired a manual of Stealth
 10414 | D:6      | Killed zeramoth's ghost
 10437 | D:6      | Upgraded the game from 0.28-a0-1334-g1c9ffb4daf to
                  | 0.28-a0-1348-g050f3537b9
 10607 | D:8      | XOM: summons 4 hostile shadow creatures
 10732 | D:8      | Reached XP level 11. HP: 95/95 MP: 11/11
 10933 | D:8      | XOM: give mutations
 10933 | D:8      | Lost mutation: You passively map a small area around you.
                  | [Xom's mischief]
 10933 | D:8      | Lost mutation: You have a pair of small horns on your head.
                  | [Xom's mischief]
 10933 | D:8      | Gained mutation: You are frail. (-10% HP) [Xom's mischief]
 11298 | D:8      | XOM: give mutations
 11298 | D:8      | Gained mutation: Your body sometimes deteriorates upon
                  | taking damage. [Xom's mischief]
 11298 | D:8      | Lost mutation: You are frail. (-10% HP) [Xom's mischief]
 11298 | D:8      | Lost mutation: Your muscles are very strong. (Str +4)
                  | [Xom's mischief]
 11680 | D:9      | Noticed a skeletal warrior
 11681 | D:9      | Noticed a skeletal warrior
 11730 | D:9      | XOM: polymorph yak -> jumping spider
 12051 | D:8      | Lost mutation: Your muscles are strong. (Str +2) [potion of
                  | mutation]
 12051 | D:8      | Lost mutation: Your tail ends in a sharp venomous barb.
                  | [potion of mutation]
 12051 | D:8      | Lost mutation: Your tail ends in a venomous barb. [potion
                  | of mutation]
 12051 | D:8      | Gained mutation: You sometimes lose the ability to read
                  | scrolls when taking damage. [potion of mutation]
 12051 | D:8      | Gained mutation: You have an increased reservoir of magic.
                  | (+10% MP) [potion of mutation]
 12051 | D:8      | Gained mutation: You have a pair of small horns on your
                  | head. [potion of mutation]
 12156 | D:8      | XOM: give mutations
 12156 | D:8      | Gained mutation: You are dopey. (Int -2) [Xom's mischief]
 12156 | D:8      | Lost mutation: You sometimes lose the ability to read
                  | scrolls when taking damage. [Xom's mischief]
 12303 | D:9      | Lost mutation: You have a pair of small horns on your head.
                  | [potion of mutation]
 12303 | D:9      | Lost mutation: Your body sometimes deteriorates upon taking
                  | damage. [potion of mutation]
 12303 | D:9      | Gained mutation: You do not regenerate when monsters are
                  | visible. [potion of mutation]
 12303 | D:9      | Gained mutation: Your tail ends in a venomous barb. [potion
                  | of mutation]
 12303 | D:9      | Gained mutation: You have a pair of small horns on your
                  | head. [potion of mutation]
 12323 | D:10     | Noticed Maurice
 12332 | D:10     | Paralysed by Maurice for 5 turns
 12346 | D:10     | Killed Maurice
 12584 | D:10     | XOM: silly message
 12641 | D:10     | Found a staircase to the Orcish Mines.
 12666 | D:10     | XOM: blink monster(s)
 12671 | D:10     | XOM: enchant monster (good)
 12753 | D:10     | XOM: stat loss: -1 Dex (18/19)
 12911 | D:10     | XOM: silly message
 13247 | D:10     | Found a runed translucent door.
 13557 | D:10     | XOM: 1-stop teleportation journey
 14117 | D:10     | Reached skill level 5 in Bows
 14118 | D:10     | XOM: summons 6 hostile demons
 14129 | D:10     | XOM: blink monster(s)
 14433 | D:10     | Learned a level 5 spell: Silence
 14566 | D:12     | Noticed a boulder beetle
 14570 | D:12     | Noticed a five-headed hydra
 14582 | D:11     | XOM: give mutations
 14582 | D:11     | Gained mutation: Potions are less effective at restoring
                  | your health. [Xom's mischief]
 14582 | D:11     | Gained mutation: You are very clumsy. (Dex -4) [Xom's
                  | mischief]
 14582 | D:11     | Lost mutation: You are very clumsy. (Dex -4) [Xom's
                  | mischief]
 14583 | D:11     | XOM: scenery: 1 doors open, 2 doors close
 14841 | D:11     | XOM: 2-stop teleportation journey
 14907 | D:11     | XOM: divination: detect items
 14944 | D:12     | Reached skill level 1 in Spellcasting
 14953 | D:12     | Noticed a six-headed hydra
 15041 | D:12     | Killed a five-headed hydra
 15042 | D:12     | Reached skill level 1 in Air Magic
 15227 | D:12     | Killed a six-headed hydra
 15228 | D:12     | Reached skill level 1 in Hexes
 15287 | D:12     | XOM: cleaving
 15455 | D:12     | XOM: divination: detect items
 15465 | D:12     | XOM: confusion
 15471 | D:12     | XOM: enchant monster (bad)
 15479 | D:12     | Identified the +8 dagger of Departure {vorpal, +Blink Int+4
                  | SInv}
 15633 | D:12     | XOM: potion effect (invisibility)
 15918 | D:12     | XOM: 1-stop teleportation journey
 15990 | D:12     | XOM: torment (49/97 hp)
 16089 | D:12     | XOM: scenery: 1 doors close
 16248 | D:13     | Noticed a six-headed hydra
 16248 | D:13     | Noticed a fire crab
 16298 | D:11     | Killed a boulder beetle
 16299 | D:11     | Reached skill level 1 in Evocations
 16334 | Orc:1    | Entered Level 1 of the Orcish Mines
 16338 | Orc:1    | XOM: potion effect (haste)
 16342 | Orc:1    | Reached skill level 1 in Short Blades
 16486 | Orc:1    | Noticed an orc sorcerer
 16751 | Orc:1    | Killed an orc sorcerer
 16778 | Orc:1    | Found a transporter.
 16780 | Orc:1    | Noticed technosentience's ghost (journeyman DjWz)
 16809 | Orc:1    | Found a transporter.
 16810 | Orc:1    | Found the dreamshard necklace {*Dream Drain}
 16839 | Orc:1    | Reached XP level 12. HP: 88/106 MP: 13/18
 16879 | Orc:1    | XOM: summons 12 friendly demons
 17004 | Orc:1    | Paralysed by an orc sorcerer for 2 turns
 17008 | Orc:1    | Paralysed by an orc sorcerer for 4 turns
 17019 | Orc:1    | XOM: confuse monster(s)
 17116 | D:10     | XOM: god gift: jewelled brass wand {god gift}
 17137 | Orc:1    | XOM: god gift: wand of mindburst (5)
 17218 | Orc:1    | XOM: god gift: mace {god gift}
 17290 | Orc:2    | Entered Level 2 of the Orcish Mines
 17290 | Orc:2    | Found Qetuq's Weapon Shoppe.
 17295 | Orc:2    | XOM: scenery: summon butterflies
 17349 | Orc:2    | XOM: god gift: scroll of teleportation
 17369 | Orc:2    | Noticed Jorgrun
 17371 | Orc:2    | XOM: enchant monster (good)
 17573 | Orc:2    | Noticed an orc warlord
 17575 | Orc:2    | Noticed an orc warlord
 17603 | Orc:1    | XOM: give mutations
 17603 | Orc:1    | Gained mutation: You have a pair of horns on your head.
                  | [Xom's grace]
 17603 | Orc:1    | Gained mutation: Your tail ends in a sharp venomous barb.
                  | [Xom's grace]
 17823 | D:7      | Bought the amulet of Suspected Treachery {Spirit rF+ rN++
                  | Will+ Dex-4} for 568 gold pieces
 17823 | D:7      | Bought the ring "Xaomaoli" {rElec rF+ AC+4 Str-3} for 557
                  | gold pieces
 17938 | Orc:2    | Found a staircase to the Elven Halls.
 18168 | Orc:1    | XOM: summons 1 hostile demon
 18484 | Orc:1    | XOM: confusion
 18897 | Orc:1    | XOM: god gift: scroll of amnesia
 18907 | Orc:1    | XOM: potion effect (magic)
 19339 | Orc:2    | XOM: 1-stop teleportation journey
 19347 | Orc:2    | XOM: summons 4 friendly demons
 19356 | Orc:2    | XOM: divination: detect items
 19572 | Orc:1    | XOM: silly message
 19633 | Orc:2    | XOM: enchant monster (good)
 19647 | Orc:2    | Killed Jorgrun
 19648 | Orc:2    | Reached skill level 12 in Axes
 19657 | Orc:2    | XOM: enchant monster (good)
 19664 | Orc:1    | XOM: scenery: create altars
 19665 | Orc:1    | XOM: cast spell 'Necromutation'
 19689 | Orc:1    | XOM: summons friendly white imp
 19716 | Orc:1    | XOM: destruction
 19719 | Orc:1    | Slain by an orc warlord

Illustrated notes

Levels and vault maps discovered:
D:1:      saegor_arrival_simple_d, layout_rooms,
          hellmonk_ecumenical_altar_watching_god, st_stairs_14,
          lemuel_another_geyser
D:2:      layout_loops_cross, minmay_large_rounded_square
D:3:      layout_loops_ring
D:4:      layout_loops_corners, roderic_roman_lattice,
          minmay_fractal_squares_diagonal_5
D:5:      layout_rooms, mainiacjoe_overflow_alcove_1
D:6:      layout_cave_pools, ebering_ghost_rock_garden,
          chequers_serial_rivers_micro_a, kennysheep_nondescript
D:7:      layout_basic, minmay_temple_entry_statues_pillars,
          chequers_serial_rivers_micro_c, nicolae_stop_n_shop_2,
          uniq_crazy_yiuf_cottage, uniq_harold
D:8:      layout_layer_cave, kennysheep_generic_room_7
D:9:      layout_basic, david_lair_shrubbed, serial_shops,
          nicolae_shop_behind_doors
D:10:     layout_basic, david_orc_2, lightli_church_of_beogh, uniq_maurice
D:11:     layout_roguey, uniq_josephine
D:12:     layout_roguey
D:13:     layout_stronghold, serial_glass, glass_columns_a, glass_columns_c,
          wad_hexagon
Orc:1:    layout_diamond_mine, gammafunk_ghost_arena
Orc:2:    grunt_orc_community_town_hall, layout_caves,
          grunt_orc_community_big_house_1, grunt_orc_community_big_house_2,
          grunt_orc_community_house_1, grunt_orc_community_house_1,
          grunt_orc_community_house_1, grunt_orc_community_house_2,
          serial_shops, shop, nicolae_orc_lost_temple, uniq_jorgrun

Skill      XL: |  1  2  3  4  5  6  7  8  9 10 11 12 |
---------------+-------------------------------------+-----
Fighting       | 4 5 6 7 8 9 |  9.9
Axes           | 4 5 6 7 9 10 11 12 | 12.1
Dodging        | 3 4 5 6 7 8 9 |  9.4
Stealth        | 1 2 4 5 6 7 |  7.1
Crossbows      | 2 |  2.6
Bows           | 3 5 6 |  6.2
Spellcasting   | 3 |  3.8
Air Magic      | 2 3 |  3.6
Hexes          | 2 3 |  3.5
Evocations     | 1 |  1.2
Short Blades   | 1 |  1.7
Throwing       | |  0.2

Action                   |  1- 3 |  4- 6 |  7- 9 | 10-12 || total
-------------------------+-------+-------+-------+-------++-------
Melee: Hand axe          |   111 |    56 |    65 |   301 ||   533
       Tailslap          |    11 |    10 |    30 |    71 ||   122
       War axe           |       |    59 |   148 |       ||   207
       Headbutt          |       |       |    23 |    80 ||   103
       Dagger            |       |       |       |    55 ||    55
       Shortbow          |       |       |       |     1 ||     1
 Fire: Shortbow          |       |       |       |   274 ||   274
       Hand crossbow     |       |       |       |    21 ||    21
Throw: Throwing net      |       |       |       |     2 ||     2
 Abil: Breathe Frost     |       |       |     1 |     8 ||     9
Evoke: Wand              |       |       |       |    22 ||    22
       Phial of floods   |       |       |       |     2 ||     2
  Use: Potion            |     8 |     1 |     3 |     5 ||    17
       Scroll            |     2 |     3 |    11 |     9 ||    25
 Stab: Sleeping          |     1 |     2 |     5 |       ||     8
       Confused          |     1 |       |     1 |       ||     2
       Distracted        |       |     1 |       |     2 ||     3
       Paralysed         |       |       |     6 |     9 ||    15
       Invisible         |       |       |       |     1 ||     1
       Petrified         |       |       |       |     1 ||     1
Armor: Skin              |    37 |    56 |    64 |   208 ||   365
Dodge: Dodged            |    77 |   113 |   173 |   508 ||   871

Table legend: (Time is in decaauts)
 A = Elapsed time spent in this place.
 B = Non-inter-level travel time spent in this place.
 C = Inter-level travel time spent in this place.
 D = Time resting spent in this place.
 E = Time spent auto-exploring this place.
 F = Levels seen in this place.
 G = Mean time per level.
                   A        B        C        D        E       F      G
               +--------+--------+--------+--------+--------+-----+--------+
         Total |  19722 |  17927 |   1795 |   5443 |   8819 |  15 | 1314.8 |
       Dungeon |  17085 |  15400 |   1685 |   4043 |   8456 |  13 | 1314.2 |
  Orcish Mines |   2636 |   2527 |    109 |   1400 |    363 |   2 | 1318.0 |
               +--------+--------+--------+--------+--------+-----+--------+

Top non-repeatable levels by time:
    D:10: 2867 daAuts
   Orc:1: 2483 daAuts
     D:7: 2052 daAuts
    D:11: 1833 daAuts
     D:8: 1705 daAuts
     D:6: 1441 daAuts
     D:4: 1365 daAuts
    D:12: 1353 daAuts
     D:3: 1161 daAuts
     D:1: 1145 daAuts
     D:5: 982 daAuts
     D:2: 909 daAuts
     D:9: 263 daAuts
   Orc:2: 153 daAuts
    D:13: 4 daAuts
